 Dungeon Crawl Stone Soup version 0.18.1-8-gdd0e5ea (webtiles) character file.

406 zeroDi the Sneak (level 6, -8/30 HPs)
             Began as a Vine Stalker Assassin on May 28, 2016.
             Mangled by Murtagy's ghost (12 damage)
             ... on level 4 of the Dungeon.
             The game lasted 00:07:12 (3045 turns).

zeroDi the Sneak (Vine Stalker Assassin)            Turns: 3045, Time: 00:07:13

Health: -8/30      AC:  3    Str: 14    XL:     6   Next: 87%
Magic:  0/7        EV: 11    Int: 11    God:
Gold:   251        SH:  0    Dex: 17    Spells: 0 memorised, 5 levels left

rFire  . . .     SeeInvis .     a - +2 dagger (venom)
rCold  . . .     Gourm    .     c - +0 robe
rNeg   . . .     Faith    .     (no shield)
rPois  .         Spirit   +     (no helmet)
rElec  .         Dismiss  .     d - +0 cloak
rCorr  .         Reflect  .     (no gloves)
SustAt .         Harm     .     (no boots)
MR     .....                    (no amulet)
Stlth  ++++......               (no ring)
                                (no ring)

@: not resistant to hostile enchantments, stealthy
A: fangs 2, regeneration 2, magic shield, antimagic bite, no device heal 3, rot
immunity
a: no special abilities


You were on level 4 of the Dungeon.
You were hungry.

You visited 1 branch of the dungeon, and saw 4 of its levels.

You collected 251 gold pieces.


Innate Abilities, Weirdness & Mutations

You have extremely sharp teeth.
You heal very quickly.
When hurt, damage is shared between your health and your magic reserves.
Your bite disrupts and absorbs the magic of your enemies.
Potions and wands cannot restore your health.
You are immune to rotting.


   Skills:
 - Level 1.7 Fighting
 - Level 5.6 Short Blades
 - Level 1.7 Throwing
 - Level 0.7 Dodging
 * Level 6.7 Stealth


You had 5 spell levels left.
You didn't know any spells.

Inventory:

Hand Weapons
 a - a +2 dagger of venom (weapon)
 b - a +0 blowgun
 q - a +2 dagger
 A - the +5 hunting sling of Anguish {freeze, Stlth+}
   (You found it on level 4 of the Dungeon)

   It causes projectiles fired from it to freeze those they strike, causing
   extra injury to most foes and up to half again as much damage against
   particularly susceptible opponents.
   They can also slow down cold-blooded creatures.
   It makes you more stealthy.
Missiles
 e - 7 poisoned needles
 f - 2 curare-tipped needles {=f}
 k - 5 needles of sleeping
 r - a tomahawk (quivered)
 B - 7 stones
Armour
 c - a +0 robe (worn)
 d - a +0 cloak (worn)
Jewellery
 x - an uncursed amulet of regeneration {unknown}
Scrolls
 i - 2 scrolls of remove curse {unknown}
 j - a scroll of magic mapping {unknown}
 l - a scroll of identify {@r1}
 n - a scroll of enchant weapon {unknown}
 t - a scroll of teleportation {unknown}
 w - a scroll of fog {unknown}
 y - a scroll of blinking {unknown}
Potions
 m - a potion of heal wounds {unknown}
 o - 2 potions of curing {unknown}
 s - a potion of cancellation {unknown}
 u - a potion of haste {unknown}
 z - 2 potions of mutation {unknown}
Comestibles
 g - 4 bread rations
 h - 7 fruits
 p - 4 chunks of flesh
 v - a meat ration

Dungeon Overview and Level Annotations

Branches:
Dungeon (4/15)
 Temple: D:4-7

Altars:
Fedhas
The Shining One

Annotations:
D:4 Murtagy's ghost, amateur GrFi

.....####...#.......[.##.# #.#.#
..##........#####.#.#.##.# #....
..#######..######.#.#.##.# ###.#
..# #.........#.#.##.# #.# ..#
##...######.......# #.. .##
##.....## #.####### ### .##
##.......## #.#.## #
..####.........###....###########
.....+.........'@W...............
..####.........###....###########
.## ##.......## #.#.## # .#
##.....## ##.###### ### .#
##...## #.......# #.. .# ##'##
##.####.# #.# .# #.# ### #.# #.#
.# #.# #.# #.# .# ##.## #.# #.#


You could see Murtagy's ghost.


Message History

Your +2 dagger of venom begins to drip with poison!
a - a +2 dagger of venom (weapon)
Murtagy's ghost hits you!
* * * LOW HITPOINT WARNING * * *
Murtagy's ghost says, "You can hit me, but you can't hurt me."
Murtagy's ghost whispers, "The ORB doesn't exist."
You hit Murtagy's ghost but do no damage.
Murtagy's ghost is severely damaged.
You hit Murtagy's ghost.
Murtagy's ghost is almost destroyed.
Murtagy's ghost hits you!
* * * LOW HITPOINT WARNING * * *
You hit Murtagy's ghost but do no damage.
You bite Murtagy's ghost. You drain its power.
You feel invigorated.
Murtagy's ghost is almost destroyed.
Murtagy's ghost hits you!
* * * LOW HITPOINT WARNING * * *
Murtagy's ghost says, "You can hit me, but you can't hurt me."
You open the door. Murtagy's ghost hits you!
You die...

Action                   |  1- 3 |  4- 6 || total
-------------------------+-------+-------++-------
Melee: Dagger            |    95 |    92 ||   187
       Bite              |    18 |    26 ||    44
 Fire: Blowgun           |     2 |       ||     2
       Hunting sling     |       |    17 ||    17
Throw: Tomahawk          |       |     4 ||     4
  Use: Scroll            |       |     1 ||     1
 Stab: Sleeping          |     8 |     1 ||     9
  Eat: Chunk             |     2 |     4 ||     6
Armor: Robe              |    30 |    15 ||    45
Dodge: Dodged            |    69 |    44 ||   113

Vault maps used:
D:1:      tarquinn_simple_flora_water_f, hex_intersection, roderic_lattice_a
D:2:      nicolae_overflow_crystal_walls
D:3:      fedhas_altar_1
D:4:      serial_glass, glass_columns_c, glass_columns_a, uniq_duvessa

Notes
Turn   | Place    | Note
--------------------------------------------------------------
     0 | D:1      | zeroDi the Vine Stalker Assassin began the quest for the Orb.
     0 | D:1      | Reached XP level 1. HP: 11/11 MP: 2/2
    31 | D:1      | Reached skill level 2 in Short Blades
   151 | D:1      | Reached XP level 2. HP: 12/15 MP: 3/3
   889 | D:2      | Reached skill level 3 in Short Blades
   918 | D:2      | Reached XP level 3. HP: 14/18 MP: 2/4
   938 | D:2      | Found a glowing golden altar of the Shining One.
  1676 | D:3      | Reached XP level 4. HP: 23/23 MP: 5/5
  1781 | D:3      | Found a blossoming altar of Fedhas.
  2216 | D:4      | Noticed Murtagy's ghost (amateur GrFi)
  2248 | D:4      | Got a crude hunting sling
  2249 | D:4      | Identified the +5 hunting sling of Anguish {freeze, Stlth+} (You found it on level 4 of the Dungeon)
  2459 | D:4      | Reached skill level 4 in Short Blades
  2459 | D:4      | Reached XP level 5. HP: 26/26 MP: 6/6
  2528 | D:4      | Reached skill level 5 in Short Blades
  2631 | D:4      | Gained mutation: You heal very quickly. [Vine Stalker growth]
  2631 | D:4      | Reached XP level 6. HP: 18/30 MP: 7/7
  2889 | D:4      | Noticed Dowan
  2895 | D:4      | Noticed Duvessa
  2905 | D:4      | Killed Duvessa
  2905 | D:4      | Reached skill level 6 in Stealth
  2919 | D:4      | Killed Dowan
  3039 | D:4      | HP: 1/30 [Murtagy's ghost (9)]
  3045 | D:4      | Mangled by Murtagy's ghost

Vanquished Creatures
  Duvessa (D:4)
  Dowan (D:4)
  A scorpion (D:4)
  A howler monkey (D:4)
  A hound (D:4)
  A worker ant (D:4)
  A hound skeleton (D:4)
  2 adders
  An adder skeleton (D:4)
  A dart slug (D:1)
  A worm (D:3)
  2 giant geckos
  2 orcs
  6 bats
  6 giant cockroaches
  5 goblins
  6 jackals (D:2)
  2 quokkas (D:3)
  A ball python (D:4)
  A giant gecko skeleton (D:3)
  4 giant newts
  7 kobolds
  A quokka zombie (D:4)
  10 rats
65 creatures vanquished.
